 Dungeon Crawl Stone Soup version 0.30-a0-696-g2367cd04db (webtiles) character file.

Game seed: 8135492745136270705

14131 Absynth the Skirmisher (level 11, -5/49 HPs)
             Began as a Spriggan Hunter on Jan 20, 2023.
             Was a High Priest of Okawaru.
             Slain by a vampire mosquito (9 damage)
             ... on level 10 of the Dungeon.
             The game lasted 00:59:39 (12345 turns).

Absynth the Skirmisher (Spriggan Hunter)           Turns: 12345, Time: 00:59:40

Health: -5/49      AC:  5    Str:  7    XL:     11   Next: 84%
Magic:  2/21       EV: 22    Int: 20    God:    Okawaru [*****.]
Gold:   633        SH:  0    Dex: 26    Spells: 11/22 levels left

rFire   + . .      SeeInvis +    a - +0 shortbow (elec)
rCold   + . .      Faith    .    (shield currently unavailable)
rNeg    . . .      Spirit   .    O - +0 troll leather armour
rPois   .          Reflect  .    e - +1 hat
rElec   .          Harm     .    x - scarf {rC+ rF+}
rCorr   .          Rampage  .    (gloves unavailable)
Will    +....                    (boots unavailable)
Stlth   ++                       h - amulet of regeneration
HPRegen 1.88/turn                C - +6 ring of dexterity
MPRegen 0.17/turn                q - +6 ring of intelligence

@: about to teleport, portalling projectiles, very quick
A: very small, no large weapons, unfitting armour, see invisible, speed 3
a: Renounce Religion, Heroism, Finesse, Duel


You were on level 10 of the Dungeon.
You worshipped Okawaru.
Okawaru was extremely pleased with you.
You visited 2 branches of the dungeon, and saw 12 of its levels.
You also visited: Ossuary and Bailey.

You collected 683 gold pieces.
You spent 50 gold pieces at shops.

Inventory:

Hand Weapons
 a - a +0 shortbow of electrocution (weapon)
 i - a +4 dagger of freezing
 s - a +4 scimitar of flaming
 y - a +2 rapier of holy wrath
 K - a +3 sling of flaming
Armour
 e - a +1 hat (worn)
 o - a +0 cloak of preservation
 x - a scarf of resistance (worn)
 O - a +0 troll leather armour (worn)
 P - a +1 robe of positive energy
Jewellery
 h - an amulet of regeneration (around neck)
 m - a ring of protection from cold
 q - a +6 ring of intelligence (right hand)
 C - a +6 ring of dexterity (left hand)
 I - a ring of wizardry
 N - an amulet of the acrobat
Wands
 p - a wand of roots (4)
 u - a wand of paralysis (2)
 A - a wand of digging (5)
 F - a wand of mindburst (20)
 G - a wand of quicksilver (9)
Scrolls
 b - 2 scrolls of fog
 c - 3 scrolls of blinking {unknown}
 d - 3 scrolls of amnesia
 k - 5 scrolls of identify
 n - 6 scrolls of teleportation
 r - 3 scrolls of enchant weapon
 w - 4 scrolls of enchant armour
 D - 3 scrolls of fear
 M - 2 scrolls of acquirement {unknown}
Potions
 f - 6 potions of curing
 g - 4 potions of brilliance
 j - 2 potions of mutation {unknown}
 l - a potion of berserk rage {unknown}
 t - 3 potions of resistance {unknown}
 v - 4 potions of flight {unknown}
 z - a potion of attraction {unknown}
 B - a potion of lignification {unknown}
 E - 2 potions of cancellation {unknown}
 H - 3 potions of heal wounds {unknown}
 J - 2 potions of magic {unknown}
 L - a potion of experience


   Skills:
 - Level 1.5 Fighting
 + Level 12.5 Ranged Weapons
 - Level 6.0 Dodging
 - Level 2.1 Stealth
 - Level 6.0 Spellcasting
 - Level 6.4 Conjurations
 - Level 5.0 Hexes
 - Level 5.0 Translocations
 * Level 4.5 Ice Magic
 + Level 5.3 Air Magic
 - Level 4.0 Poison Magic


You had 11 spell levels left.
You knew the following spells:

 Your Spells              Type           Power      Damage    Failure   Level
a - Portal Projectile     Hex/Tloc       52%        N/A       6%          3
c - Mephitic Cloud        Conj/Pois/Air  27%        N/A       5%          3
g - Gell's Gravitas       Tloc           26%        N/A       6%          3
v - Poisonous Vapours     Pois/Air       48%        N/A       3%          2

Your spell library contained the following spells:

 Spells                   Type           Power      Damage    Failure   Level
 Freeze                   Ice            96%        1d10      2%          1
 Hailstorm                Conj/Ice       27%        3d7       4%          3
 Teleport Other           Tloc           26%        N/A       6%          3
 Cigotuvi's Dreadful Rot  Necr/Pois/Air  36%        N/A       7%          2
 Frozen Ramparts          Ice            48%        1d8       8%          3
 Kindle Blastsparks       Fire/Tloc/Air  38%        2d13      12%         3
 Fulminant Prism          Conj/Hex       14%        3d8       16%         4
 Iskenderun's Mystic Bla  Conj/Tloc      28%        2d7       16%         4
 Ignite Poison            Fire/Tmut/Pois 11%        N/A       28%         3
 Freezing Cloud           Conj/Ice/Air   13%        6-21      43%         5
 Dispersal                Tloc           13%        N/A       97%         6
 Blade Hands              Tmut           3%         N/A       99%         5
 Lee's Rapid Deconstruct  Erth           3%         3d5*      99%         5
 Orb of Destruction       Conj           15%        9d7       100%        7
 Tukima's Dance           Hex            Unusable   N/A       N/A         3
 Summon Guardian Golem    Hex/Summ       Unusable   N/A       N/A         3
 Malign Gateway           Summ/Tloc      Unusable   N/A       N/A         7
 Spellforged Servitor     Conj/Summ      Unusable   N/A       N/A         7
 Summon Horrible Things   Summ           Unusable   N/A       N/A         8

Dungeon Overview and Level Annotations

Branches:
Dungeon (11/15)            Temple (1/1) D:6            Lair (0/5) D:10
Ossuary (visited)          Bailey (visited)
    Orc: D:9-12

Altars:
Ashenzari
Cheibriados
Dithmenos
Elyvilon
Fedhas
Gozag
Hepliaklqana
Kikubaaqudgha
Makhleb
Nemelex Xobeh
Okawaru
Qazlal
Ru
Sif Muna
Trog
Uskayaw
Vehumet
Wu Jian
Xom
Yredelemnul
Zin
The Shining One

Shops:
D:3 ?   D:6 (   D:8 ?


Innate Abilities, Weirdness & Mutations

You are very small and have problems with some larger weapons.
You are too small for most types of armour.
You have supernaturally acute eyesight. (SInv)
You cover ground extremely quickly. (Speed+++)


Message History

The vampire mosquito closely misses you.
The vampire mosquito bites you.
* * * LOW HITPOINT WARNING * * *
The vampire mosquito draws strength from your injuries!
The vampire mosquito bites you.
* * * LOW HITPOINT WARNING * * *
The vampire mosquito draws strength from your injuries!
The vampire mosquito barely misses you.
Fire: a) +0 shortbow (elec)
Press: ? - help, Q - select action, (/) - cycle Shift-Dir - straight line, f/p - vampire mosquito
Aim: a vampire mosquito (heavily damaged, 60% to hit)
You magically shoot an arrow.
The arrow barely misses the vampire mosquito.
The vampire mosquito bites you!
* * * LOW HITPOINT WARNING * * *
The vampire mosquito draws strength from your injuries!
The vampire mosquito misses you. x2
The vampire mosquito completely misses you.
You feel better. The vampire mosquito bites you!
* * * LOW HITPOINT WARNING * * *
The vampire mosquito draws strength from your injuries!
The vampire mosquito misses you.
Fire: a) +0 shortbow (elec)
Press: ? - help, Q - select action, (/) - cycle Shift-Dir - straight line, f/p - vampire mosquito
Aim: a vampire mosquito (moderately damaged, 60% to hit)
You magically shoot an arrow.
The arrow barely misses the vampire mosquito.
The vampire mosquito bites you!
* * * LOW HITPOINT WARNING * * *
The vampire mosquito draws strength from your injuries!
The vampire mosquito completely misses you.
The vampire mosquito barely misses you. The vampire mosquito bites you.
* * * LOW HITPOINT WARNING * * *
The vampire mosquito draws strength from your injuries!
As you read the scroll of teleportation, it crumbles to dust.
You feel strangely unstable.
The vampire mosquito closely misses you.
The vampire mosquito completely misses you.
The vampire mosquito bites you!
You die...

##....#...........##.#
#....#.####.####.##.#
#....#.##.#..[...##.#
#....#....#...#..##.#
########....#.#..##.#
#..#.#.#.....#
#..#...#.#####
#..#...#y# #..#.#.#@#
#..#.#.#y# #..#...#.#
##.#####.# #.......#
#.####### ###


You could see 2 vampire mosquitoes.

Vanquished Creatures
  An orc warlord (Bailey)
  A boulder beetle (D:9)
  A centaur warrior (D:10)
  Erica (D:8)
  The ghost of Athor the Skirmisher, a novice FoHu of Okawaru (D:8)
  Pikel (D:7)
  2 gargoyles (D:10)
  4 trolls
  Sigmund (D:4)
  A shadow (D:8)
  2 wraiths
  Eustachio (D:4)
  12 yaks
  5 wyverns
  A vampire (D:10)
  3 steam dragons
  2 vampire mosquitoes
  Menkaure (D:7)
  7 water moccasins
  Duvessa (D:7)
  2 ice beasts (D:7)
  4 orc warriors
  A black bear (D:3)
  3 ogres
  A centaur (D:6)
  A phantom (D:3)
  A kobold brigand (D:10)
  4 bullfrogs
  A scorpion (D:4)
  A necrophage (D:6)
  11 wights
  Dowan (D:7)
  18 killer bees
  2 electric eels (D:9)
  2 howler monkeys (D:8)
  A hound (D:4)
  A jelly (D:7)
  Crazy Yiuf (D:2)
  3 gnoll boudas
  An orc priest (D:9)
  8 iguanas
  Jessica (D:2)
  6 orc wizards
  Natasha (thrice) (D:3)
  Terence (D:2)
  2 mummies
  9 adders
  18 gnolls
  A shadow imp (D:8)
  3 white imps
  An ufetubus (D:4)
  5 dart slugs
  29 orcs
  5 spectral bats (Ossuary)
  6 ball pythons
  13 endoplasms
  2 giant cockroaches (D:3)
  12 gnoll zombies (Ossuary)
  13 goblins
  10 hobgoblins
  8 jackals
  25 kobolds
  5 quokkas
  2 bats
  3 bat simulacra (Ossuary)
  A frilled lizard (D:2)
  2 goblin simulacra (Ossuary)
  3 goblin zombies (Ossuary)
  2 hobgoblin zombies (Ossuary)
  5 kobold simulacra (Ossuary)
  8 kobold zombies (Ossuary)
  5 orc zombies (Ossuary)
  4 rats
  4 rat simulacra (Ossuary)
  4 spectral goblins (Ossuary)
  A spectral kobold (Ossuary)
  5 spectral rats (Ossuary)
344 creatures vanquished.

Vanquished Creatures (others)
  A jelly (D:8)
  6 fungi (D:10)
  14 plants (D:10)
21 creatures vanquished.

Grand Total: 365 creatures vanquished

Notes
Turn   | Place    | Note
-------+----------+-------------------------------------------
     0 | D:1      | Absynth the Spriggan Hunter began the quest for the Orb.
     0 | D:1      | Reached XP level 1. HP: 10/10 MP: 2/2
   118 | D:1      | Reached XP level 2. HP: 14/14 MP: 3/3
   359 | D:1      | You fall into a shaft and drop 1 floor!
   359 | D:2      | Found a faded altar of an unknown god.
   420 | D:2      | Noticed Terence
   495 | D:2      | Killed Terence
   496 | D:2      | Reached XP level 3. HP: 18/18 MP: 4/4
   500 | D:2      | Noticed Jessica
   502 | D:2      | Killed Jessica
   503 | D:2      | Reached skill level 5 in Ranged Weapons
   503 | D:2      | Reached XP level 4. HP: 22/22 MP: 5/5
   795 | D:2      | Found a runed translucent door.
   796 | D:2      | Noticed Crazy Yiuf
   866 | D:2      | Killed Crazy Yiuf
  1056 | D:2      | Reached XP level 5. HP: 25/25 MP: 6/6
  1267 | D:2      | Identified the +1 hammer of Amortisation {freeze, *Noise
                  | Int+3 Stlth+}
  1428 | D:3      | Found Zuxip's Magic Scroll Emporium.
  1437 | D:3      | Bought a scroll of identify for 20 gold pieces
  1437 | D:3      | Bought a scroll of teleportation for 30 gold pieces
  1502 | D:3      | Reached skill level 1 in Spellcasting
  1549 | D:3      | Reached skill level 6 in Ranged Weapons
  1598 | D:3      | Noticed Natasha
  1603 | D:3      | Killed Natasha
  1628 | D:3      | Noticed Natasha
  1639 | D:3      | Killed Natasha
  1640 | D:3      | Reached XP level 6. HP: 17/30 MP: 9/9
  2495 | D:4      | Reached skill level 5 in Dodging
  2533 | D:4      | Noticed Eustachio
  2553 | D:4      | Killed Eustachio
  2632 | D:4      | Noticed Sigmund
  2641 | D:4      | Killed Sigmund
  2642 | D:4      | Reached skill level 7 in Ranged Weapons
  2642 | D:4      | Reached XP level 7. HP: 33/33 MP: 11/13
  2905 | D:4      | Noticed a hornet
  3004 | D:4      | Reached skill level 1 in Translocations
  3205 | D:5      | Entered Level 5 of the Dungeon
  3226 | D:5      | Reached skill level 1 in Hexes
  3254 | D:3      | Noticed Natasha
  3259 | D:3      | Killed Natasha
  3499 | D:4      | Reached XP level 8. HP: 31/37 MP: 15/15
  3691 | D:3      | Reached skill level 8 in Ranged Weapons
  3759 | D:4      | Learned a level 3 spell: Portal Projectile
  4613 | D:6      | Reached skill level 5 in Spellcasting
  4859 | D:6      | Found a staircase to the Ecumenical Temple.
  4914 | Temple   | Entered the Ecumenical Temple
  5100 | Temple   | Became a worshipper of Warmaster Okawaru
  5149 | D:6      | Found a burning altar of Makhleb.
  5157 | D:6      | Found a bloodstained altar of Trog.
  5214 | D:6      | Found Netockoe's Weapon Shoppe.
  5438 | D:7      | Noticed Pikel
  5457 | D:7      | Killed Pikel
  5458 | D:7      | Reached skill level 9 in Ranged Weapons
  5458 | D:7      | Reached skill level 5 in Hexes
  5458 | D:7      | Reached skill level 5 in Translocations
  5458 | D:7      | Reached XP level 9. HP: 26/41 MP: 3/17
  5610 | D:7      | Reached * piety under Okawaru
  5689 | D:7      | Reached skill level 10 in Ranged Weapons
  6189 | D:7      | Noticed Menkaure
  6200 | D:7      | Killed Menkaure
  6201 | D:7      | Reached skill level 11 in Ranged Weapons
  6236 | D:7      | Reached ** piety under Okawaru
  6673 | D:7      | Noticed Dowan
  6680 | D:7      | Killed Dowan
  6713 | D:7      | Noticed Duvessa
  6724 | D:7      | Killed Duvessa
  6725 | D:7      | Reached skill level 1 in Air Magic
  6725 | D:7      | Reached skill level 1 in Poison Magic
  6868 | D:7      | Learned a level 2 spell: Poisonous Vapours
  7015 | D:8      | Found a sand-covered staircase.
  7034 | Ossuary  | Entered an ossuary
  7839 | D:8      | Found a runed translucent gate.
  7841 | D:8      | Found a runed translucent gate.
  7841 | D:8      | Found a runed translucent gate.
  7841 | D:8      | Found an opulent altar of Gozag.
  7844 | D:8      | Noticed Athor's ghost (novice FoHu)
  7972 | D:8      | Reached XP level 10. HP: 30/46 MP: 8/18
  8061 | D:8      | Learned a level 3 spell: Mephitic Cloud
  8086 | D:8      | Reached skill level 12 in Ranged Weapons
  8194 | D:8      | Reached *** piety under Okawaru
  8285 | D:8      | Found Qynid's Magic Scroll Shop.
  8495 | D:8      | Noticed Erica
  8504 | D:8      | Killed Erica
  8726 | D:8      | Killed Athor's ghost
  9052 | D:9      | Reached **** piety under Okawaru
  9125 | D:9      | Noticed a boulder beetle
  9150 | D:9      | Reached skill level 5 in Conjurations
  9238 | D:9      | Found a shadowy altar of Dithmenos.
  9255 | D:9      | Found a broken altar of Ashenzari.
  9296 | D:9      | Found a flagged portal.
  9305 | Bailey   | Entered a bailey
  9310 | Bailey   | Learned a level 3 spell: Gell's Gravitas
  9326 | Bailey   | Noticed an orc warlord
  9423 | Bailey   | Found a runed translucent gate.
  9425 | Bailey   | Found a runed translucent gate.
  9427 | Bailey   | Found a runed translucent gate.
  9566 | Bailey   | Killed an orc warlord
  9566 | Bailey   | Reached ***** piety under Okawaru
  9566 | Bailey   | Received a gift from Okawaru
  9567 | Bailey   | Reached XP level 11. HP: 49/49 MP: 5/19
  9685 | Bailey   | Identified the +4 flail "Reudgh" {freeze, *Slow rCorr Int+3
                  | Dex+7}
  9928 | D:9      | Killed a boulder beetle
 10490 | D:10     | Entered Level 10 of the Dungeon
 10573 | D:10     | Reached skill level 1 in Ice Magic
 10921 | D:10     | Identified the +2 pair of gloves "Keoroere" {Harm Fly rF-
                  | rN+}
 10924 | D:10     | Found a staircase to the Lair.
 11466 | D:10     | Found an opulent altar of Gozag.
 11920 | D:10     | Reached skill level 5 in Air Magic
 12112 | D:11     | Noticed a centaur warrior
 12133 | D:10     | Killed a centaur warrior
 12217 | D:11     | Noticed a tengu warrior
 12303 | D:11     | Identified the +1 helmet of the Ladybird {Will+ Regen+}
 12344 | D:10     | HP: 2/49 [vampire mosquito (1)]
 12345 | D:10     | Slain by a vampire mosquito

Illustrated notes

Levels and vault maps discovered:
D:1:      matt_arrival_grand_opening, layout_loops_cross, serial_glass,
          glass_columns_b, glass_columns_b, glass_columns_b, glass_columns_b,
          glass_columns_c, glass_columns_c, due_unseen_surprise
D:2:      minmay_diamond_boxcup, layout_rooms, chequers_ecumenical_altar_island,
          minmay_ruptured, uniq_terence, uniq_crazy_yiuf_cottage, uniq_jessica
D:3:      layout_rooms, serial_shops, nicolae_shop_crystal, st_stairs_10,
          uniq_natasha
D:4:      layout_basic, uniq_sigmund, uniq_eustachio
D:5:      layout_basic, kennysheep_generic_room_15
D:6:      layout_rooms, grunt_temple_overflow_open, minmay_temple_entry_mist,
          serial_shops, nicolae_shop_bloodbath_and_beyond, hex_medium
D:7:      layout_basic, columned_hall_lemuel, uniq_pikel, uniq_menkaure,
          uniq_duvessa
D:8:      layout_loops_ring, ebering_ghost_gozag, serial_shops, shop,
          gup_ossuary_entry_pyramid, minmay_misc_feat_square, uniq_erica
D:9:      layout_loops_ring, mainiacjoe_overflow_catch_the_wave, enter_bailey_8,
          chequers_mini_garden
D:10:     layout_basic, mainiacjoe_overflow_boulevard, minmay_lair_entry_grove
D:11:     gammafunk_worm_tunnel, layout_small_grid, minmay_checkerbox
Temple:   minmay_crystal_spiral_temple

Skill      XL: |  1  2  3  4  5  6  7  8  9 10 11 |
---------------+----------------------------------+-----
Stealth        | 2 |  2.1
Dodging        | 3 4 5 6 |  6.0
Ranged Weapons | 5 6 7 9 11 12 | 12.5
Spellcasting   | 1 3 4 5 6 |  6.0
Translocations | 2 5 |  5.0
Hexes          | 2 5 |  5.0
Air Magic      | 1 4 5 |  5.3
Poison Magic   | 2 4 |  4.0
Conjurations   | 5 6 |  6.4
Ice Magic      | 4 |  4.5
Fighting       | |  1.5

Action                   |  1- 3 |  4- 6 |  7- 9 | 10-12 || total
-------------------------+-------+-------+-------+-------++-------
 Fire: Shortbow          |    70 |   205 |   613 |   459 ||  1347
 Cast: Portal Projectile |       |       |    18 |    15 ||    33
       Poisonous Vapours |       |       |       |    42 ||    42
       Mephitic Cloud    |       |       |       |    13 ||    13
       Gell's Gravitas   |       |       |       |     1 ||     1
Invok: Heroism           |       |       |       |     1 ||     1
  Use: Scroll            |       |       |    12 |     2 ||    14
       Potion            |       |       |     1 |     1 ||     2
Armor: Robe              |       |     5 |    17 |     2 ||    24
       Troll leather arm |       |       |       |     8 ||     8
Dodge: Dodged            |    11 |    46 |   294 |   223 ||   574

Table legend: (Time is in decaauts)
 A = Elapsed time spent in this place.
 B = Non-inter-level travel time spent in this place.
 C = Inter-level travel time spent in this place.
 D = Time resting spent in this place.
 E = Time spent auto-exploring this place.
 F = Levels seen in this place.
 G = Mean time per level.
                   A        B        C        D        E       F      G
               +--------+--------+--------+--------+--------+-----+--------+
         Total |   9217 |   8772 |    445 |   2044 |   3388 |  14 |  658.4 |
       Dungeon |   8080 |   7684 |    396 |   1727 |   3178 |  11 |  734.5 |
        Temple |    135 |     87 |     48 |      0 |     67 |   1 |  135.0 |
       Ossuary |    591 |    591 |      0 |    217 |     40 |   1 |  591.0 |
        Bailey |    410 |    410 |      0 |    100 |    101 |   1 |  410.0 |
               +--------+--------+--------+--------+--------+-----+--------+

Top non-repeatable levels by time:
    D:10: 1177 daAuts
     D:3: 1159 daAuts
     D:7: 1150 daAuts
     D:9: 998 daAuts
     D:8: 864 daAuts
     D:4: 681 daAuts
     D:5: 639 daAuts
     D:2: 635 daAuts
 Ossuary: 591 daAuts
     D:6: 453 daAuts
  Bailey: 410 daAuts
     D:1: 256 daAuts
  Temple: 135 daAuts
    D:11: 62 daAuts
